 Dungeon Crawl Stone Soup version 0.29-a0-1043-g569b05d6ff (webtiles) character file.

Game seed: 17586824391539777109

11368 SensoryNuts the Basher (level 11, -1/119 HPs)
             Began as a Troll Fighter on Aug 15, 2022.
             Was an Initiate of Gozag.
             Constricted to death by a shambling mangrove (6 damage)
             ... on level 2 of the Lair of Beasts.
             The game lasted 00:15:17 (9480 turns).

SensoryNuts the Basher (Troll Fighter)              Turns: 9480, Time: 00:15:18

Health: -1/119     AC:  8    Str: 30    XL:     11   Next: 48%
Magic:  10/10      EV: 10    Int:  4    God:    Gozag
Gold:   1264       SH:  0    Dex: 15    Spells: 10/10 levels left

rFire   . . .      SeeInvis .   g - +1 dire flail (venom)
rCold   + . .      Faith    .   (shield currently unavailable)
rNeg    + . .      Spirit   .   b - +0 robe
rPois   +          Reflect  .   (helmet restricted)
rElec   .          Harm     .   y - +0 cloak
rCorr   .          Rampage  .   (gloves unavailable)
Will    .....                   (boots unavailable)
Stlth   ++........              i - amulet of the acrobat
HPRegen 1.09/turn               s - ring of positive energy
MPRegen 0.12/turn               v - +6 ring of dexterity

@: mighty, grasped by roots, slowed, constricted, very slow
A: large, unfitting armour, claws 3, regeneration 1, shaggy fur 2, tough skin 1,
iridescent scales 1, cold resistance 1, poison resistance, robust 1
a: Renounce Religion, Potion Petition, Call Merchant, Bribe Branch


You were on level 2 of the Lair of Beasts.
You worshipped Gozag.
Gozag was most pleased with you.
You visited 4 branches of the dungeon, and saw 12 of its levels.

You collected 1402 gold pieces.
You spent 20 gold pieces at shops.
You paid 118 gold pieces to Gozag.

Inventory:

Hand Weapons
 a - a +0 flail of draining
 g - a +1 dire flail of venom (weapon)
Missiles
 p - 3 throwing nets (quivered)
Armour
 b - a +0 robe (worn)
 c - a +0 kite shield
 y - a +0 cloak (worn)
Jewellery
 i - an amulet of the acrobat (around neck)
 k - a ring of poison resistance
 s - a ring of positive energy (left claw)
 v - a +6 ring of dexterity (right claw)
 w - a ring of positive energy
 F - a ring of see invisible
 K - a ring of magical power
Wands
 d - a wand of charming (9)
 j - a wand of iceblast (1)
 q - a wand of polymorph (12)
 C - a wand of digging (2)
 H - a wand of flame (13)
Scrolls
 e - a scroll of brand weapon
 h - 8 scrolls of vulnerability
 l - 2 scrolls of magic mapping
 n - 5 scrolls of enchant armour
 o - a scroll of teleportation
 t - 3 scrolls of amnesia
 u - 2 scrolls of identify
 z - a scroll of poison
 E - 2 scrolls of silence
Potions
 f - a potion of ambrosia
 m - 2 potions of cancellation
 r - 3 potions of curing
 x - 2 potions of degeneration
 B - a potion of magic
 D - 2 potions of might
 G - a potion of haste
 I - 3 potions of brilliance
 J - a potion of invisibility


   Skills:
 + Level 7.4 Fighting
 + Level 11.9 Maces & Flails
 + Level 0.1 Throwing
 + Level 6.9 Dodging
 + Level 3.2 Stealth
 + Level 4.7 Shields


You had 10 spell levels left.
You didn't know any spells.
Your spell library contained the following spells:

 Spells                   Type           Power      Damage    Failure   Level
 Apportation              Tloc           0%         N/A       50%         1
 Magic Dart               Conj           0%         1d3       50%         1
 Blink                    Tloc           0%         N/A       65%         2
 Scorch                   Fire           0%         2d5       65%         2
 Conjure Flame            Conj/Fire      0%         6-21      86%         3
 Ignite Poison            Fire/Tmut/Pois 0%         N/A       86%         3
 Flame Wave               Conj/Fire      0%         2d4       99%         4
 Iskenderun's Mystic Bla  Conj/Tloc      0%         2d3       99%         4
 Sticky Flame             Conj/Fire      0%         2d3       99%         4
 Alistair's Intoxication  Tmut/Pois      0%         N/A       100%        5
 Freezing Cloud           Conj/Ice/Air   0%         6-21      100%        5
 Iskenderun's Battlesphe  Conj           0%         2d6       100%        5
 Summon Cactus Giant      Summ           0%         N/A       100%        6


Dungeon Overview and Level Annotations

Branches:
Dungeon (8/15)             Temple (1/1) D:7            Lair (2/5) D:8
  Swamp (1/4) Lair:2
  Snake: Lair:2-3    Spider: Lair:2-3

Altars:
Ashenzari
Cheibriados
Dithmenos
Elyvilon
Fedhas
Gozag
Hepliaklqana
Kikubaaqudgha
Makhleb
Nemelex Xobeh
Okawaru
Qazlal
Ru
Sif Muna
Uskayaw
Vehumet
Yredelemnul

Shops:
D:4 *   D:6 *!*


Innate Abilities, Weirdness & Mutations

You are too large for most types of armour.
You have claws for hands.
Your natural rate of healing is unusually fast.
You are covered in thick fur. (AC +2)
You have tough skin. (AC +1)
You are partially covered in iridescent scales. (AC +2)
Your flesh is cold resistant. (rC+)
Your system is resistant to poisons. (rPois)
You are robust. (+10% HP)


Message History

The harpoon shot misses you. The grasping roots constrict you!
The swamp worm fires a harpoon shot at you.
The harpoon shot hits you!!
You are yanked forward by the harpoon shot.
Splash!
You fall into the shallow water.
Moving in this stuff is going to be slow.
You escape the roots grasp.
The swamp worm attacks as you move away!
The swamp worm bites you!!
The shambling mangrove completely misses you.
The swamp worm closely misses you.
Roots burst forth from the earth!
The grasping roots grab you! The grasping roots constrict you.
There is a staircase back to the Lair, spattered with blood here.
You escape the roots grasp.
The swamp worm completely misses you. The swamp worm bites you!
* * * LOW HITPOINT WARNING * * *
The shambling mangrove hits you but does no damage.
You climb upwards.
Welcome back to the Lair of Beasts!
There is a staircase to the Swamp here.
Unknown command.
As you read the scroll of fear, it crumbles to dust.
You assume a fearsome visage.
The swamp worm looks frightened!
The shambling mangrove is unaffected.
The shambling mangrove hits you!!
* * * LOW HITPOINT WARNING * * *
Unknown command.
You feel much better.
Roots burst forth from the earth!
The grasping roots grab you! The grasping roots constrict you!
* * * LOW HITPOINT WARNING * * *
You feel much better.
The shambling mangrove barely misses you.
The grasping roots constrict you!
* * * LOW HITPOINT WARNING * * *
The shambling mangrove hits you!
* * * LOW HITPOINT WARNING * * *
The grasping roots constrict you.
You die...
Your body crumbles into a pile of gold.

### ######.## ##P#P....#
#........# ######## ###.§♣§§...#
.......# #..§§§§§~..# .....
.......# #..§§§@§~..# #.......
.......# #..§§f§♣♣..# #.......
.......###P..§§§♣~...# #.......
.......#.#...........# ##.......
..............P.#....####........
.......................#.........
.....................w....>......
.............####.#..............
#####........# ####..#####..#.#P#


You could see a shambling mangrove and a swamp worm (fleeing).

Vanquished Creatures
  Nergalle (Lair:1)
  A bog body (Lair:2)
  2 cane toads
  6 komodo dragons
  Grinder (D:4)
  5 blink frogs (Lair:1)
  2 wyverns
  14 yaks
  2 basilisks (Lair:1)
  Eustachio (D:5)
  Menkaure (D:7)
  Edmund (D:4)
  An acid dragon (D:8)
  4 water moccasins
  3 orc warriors (D:8)
  A swamp drake (Lair:1)
  5 black bears
  2 centaurs
  2 phantoms
  A kobold brigand (D:8)
  2 necrophages
  4 bullfrogs
  6 scorpions
  7 wights
  A howler monkey (D:7)
  An electric eel (Lair:1)
  2 crimson imps
  2 hounds
  2 jellies
  8 orc priests
  Crazy Yiuf (D:7)
  15 iguanas
  9 orc wizards
  4 gnolls (D:6)
  4 adders
  4 white imps
  2 ufetubi
  3 worms
  3 dart slugs
  33 orcs
  7 bats
  7 endoplasms
  2 giant cockroaches
  8 goblins
  6 hobgoblins
  4 kobolds
  2 quokkas
  10 ball pythons
  15 frilled lizards
  5 rats
235 creatures vanquished.

Vanquished Creatures (others)
  An iguana (Lair:1)
  A frilled lizard (Lair:1)
  12 fungi
  9 plants
23 creatures vanquished.

Grand Total: 258 creatures vanquished

Notes
Turn   | Place    | Note
-------+----------+-------------------------------------------
     0 | D:1      | SensoryNuts the Troll Fighter began the quest for the Orb.
     0 | D:1      | Reached XP level 1. HP: 22/22 MP: 0/0
   117 | D:1      | Reached XP level 2. HP: 29/29 MP: 1/1
   127 | D:1      | Reached skill level 2 in Maces & Flails
   203 | D:1      | You fall into a shaft and drop 1 floor!
   373 | D:2      | Reached XP level 3. HP: 36/36 MP: 2/2
   829 | D:2      | Gained mutation: You sometimes lose your temper in combat.
                  | [potion of mutation]
   829 | D:2      | Gained mutation: Your system is resistant to poisons.
                  | (rPois) [potion of mutation]
   829 | D:2      | Gained mutation: You have large cloven feet. [potion of
                  | mutation]
   928 | D:3      | Noticed a black bear
   938 | D:3      | Killed a black bear
   939 | D:3      | Reached skill level 3 in Maces & Flails
   939 | D:3      | Reached XP level 4. HP: 26/45 MP: 3/3
   939 | D:3      | Reached XP level 5. HP: 30/53 MP: 4/4
  1089 | D:3      | Found a burning altar of Makhleb.
  1090 | D:3      | Found a radiant altar of Vehumet.
  1880 | D:4      | Reached XP level 6. HP: 61/61 MP: 5/5
  1919 | D:4      | Noticed Grinder
  1920 | D:4      | Paralysed by Grinder for 3 turns
  1929 | D:4      | Reached skill level 4 in Maces & Flails
  1929 | D:4      | Paralysed by Grinder for 4 turns
  1941 | D:4      | Paralysed by Grinder for 5 turns
  2003 | D:4      | Paralysed by Grinder for 3 turns
  2016 | D:5      | Entered Level 5 of the Dungeon
  2178 | D:5      | Reached XP level 7. HP: 67/67 MP: 6/6
  2283 | D:5      | Reached skill level 5 in Maces & Flails
  2365 | D:5      | Noticed Eustachio
  2406 | D:5      | Killed Eustachio
  2407 | D:5      | Reached skill level 1 in Stealth
  2664 | D:5      | Reached XP level 8. HP: 78/78 MP: 7/7
  2958 | D:4      | Reached skill level 6 in Maces & Flails
  3001 | D:4      | Noticed Edmund
  3012 | D:4      | Killed Edmund
  3256 | D:4      | Found Foasie's Assorted Antiques.
  3264 | D:4      | Bought a murky silvery potion for 20 gold pieces
  3479 | D:4      | Paralysed by Grinder for 2 turns
  3481 | D:4      | Killed Grinder
  3859 | D:6      | Found Peum's General Store.
  4193 | D:6      | Found Xiveq's General Store.
  4238 | D:6      | Reached skill level 7 in Maces & Flails
  4278 | D:6      | Found a broken altar of Ashenzari.
  4309 | D:6      | Found Seomeba's Distillery.
  4714 | D:7      | Reached XP level 9. HP: 72/87 MP: 8/8
  4723 | D:7      | Found a staircase to the Ecumenical Temple.
  4742 | D:7      | Noticed Menkaure
  4754 | Temple   | Entered the Ecumenical Temple
  5048 | D:7      | Killed Menkaure
  5049 | D:7      | Reached skill level 5 in Fighting
  5520 | D:7      | Found an opulent altar of Gozag.
  5525 | D:7      | Became a worshipper of Gozag Ym Sagoz the Greedy
  5574 | D:7      | Reached skill level 8 in Maces & Flails
  5719 | D:7      | Found an iron altar of Okawaru.
  5720 | D:7      | Found a hazy altar of Hepliaklqana.
  5720 | D:7      | Found a white marble altar of Elyvilon.
  5746 | D:7      | Reached skill level 5 in Dodging
  5852 | D:7      | Found a sacrificial altar of Ru.
  6168 | D:7      | Found a runed translucent door.
  6169 | D:7      | Noticed Crazy Yiuf
  6174 | D:7      | Killed Crazy Yiuf
  6245 | D:8      | Found a shadowy altar of Dithmenos.
  6621 | D:8      | Reached skill level 9 in Maces & Flails
  6719 | D:8      | Reached XP level 10. HP: 19/98 MP: 9/9
  6857 | D:8      | Found a staircase to the Lair.
  7348 | D:7      | Lost mutation: You sometimes lose your temper in combat.
                  | [potion of mutation]
  7348 | D:7      | Lost mutation: You have large cloven feet. [potion of
                  | mutation]
  7348 | D:7      | Gained mutation: You are robust. (+10% HP) [potion of
                  | mutation]
  7348 | D:7      | Gained mutation: Your flesh is cold resistant. (rC+)
                  | [potion of mutation]
  7348 | D:7      | Gained mutation: You are covered in thick fur. (AC +2)
                  | [potion of mutation]
  7348 | D:7      | Gained mutation: You are partially covered in iridescent
                  | scales. (AC +2) [potion of mutation]
  7464 | Lair:1   | Entered Level 1 of the Lair of Beasts
  7584 | Lair:1   | Noticed a cane toad
  7642 | Lair:1   | Killed a cane toad
  7659 | Lair:1   | Reached skill level 10 in Maces & Flails
  8246 | Lair:1   | Reached skill level 11 in Maces & Flails
  8247 | Lair:1   | Reached XP level 11. HP: 64/117 MP: 10/10
  8361 | Lair:1   | Got the Anthology of the Fifth Circle and Peregrination
  8455 | Lair:1   | Noticed Nergalle
  8474 | Lair:1   | Killed Nergalle
  9427 | Lair:2   | Found a staircase to the Swamp.
  9453 | Lair:2   | Noticed a bog body
  9460 | Lair:2   | Killed a bog body
  9465 | Swamp:1  | Entered Level 1 of the Swamp
  9465 | Swamp:1  | Noticed a shambling mangrove
  9478 | Lair:2   | HP: 5/119 [shambling mangrove (22)]
  9480 | Lair:2   | Constricted to death by a shambling mangrove

Illustrated notes

Levels and vault maps discovered:
D:1:      erik_arrival_cave_to_civilisation [erik_arrival_cave_to_hall],
          layout_basic, basic_ecumenical_altar, feat_on_display
D:2:      layout_basic
D:3:      wad_pebble_path, layout_basic,
          grunt_temple_overflow_lords_of_destruction, corner_web_ring,
          kennysheep_generic_room_6
D:4:      layout_basic, serial_shops, nicolae_shop_overgrown_old_shop,
          uniq_edmund, uniq_grinder
D:5:      layout_loops_corners, uniq_eustachio
D:6:      layout_loops_corners, kennysheep_little_box, serial_shops,
          nicolae_take_the_stairs, shop, nicolae_shop_behind_doors,
          minmay_fire_ice_demons
D:7:      layout_loops_ring, mainiacjoe_overflow_boulevard,
          nicolae_overflow_quartered_altars, minmay_temple_entry_tees,
          enter_bailey_4, uniq_crazy_yiuf_cottage, uniq_menkaure
D:8:      layout_loops_ring, lemuel_crystal_altar,
          grunt_lair_entry_orc_guard_hut, st_stairs_9
Temple:   nicolae_temple_bog_church
Lair:1:   lemuel_reptile_caves, layout_chaotic_city, uniq_nergalle
Lair:2:   layout_small_grid, skrybe_swamp_entry_bodies
Swamp:1:  gammafunk_sealed_arena, layout_basic_swamp,
          nicolae_swamp_ascending_descending

Skill      XL: |  1  2  3  4  5  6  7  8  9 10 11 |
---------------+----------------------------------+-----
Maces & Flails | 2 3 4 5 7 9 11 | 11.9
Shields        | 3 4 |  4.7
Fighting       | 3 4 5 6 7 |  7.4
Dodging        | 3 4 5 6 |  6.9
Stealth        | 1 2 3 |  3.2
Throwing       | |  0.1

Action                   |  1- 3 |  4- 6 |  7- 9 | 10-12 || total
-------------------------+-------+-------+-------+-------++-------
Melee: Flail             |   162 |    88 |   100 |       ||   350
       Kick              |     2 |    12 |    91 |     8 ||   113
       Dire flail        |       |       |   234 |   308 ||   542
Throw: Throwing net      |     2 |       |       |       ||     2
  Use: Scroll            |     5 |     4 |     8 |     6 ||    23
       Potion            |     5 |     4 |       |     6 ||    15
 Stab: Sleeping          |     1 |     1 |     4 |     4 ||    10
       Confused          |       |       |       |     3 ||     3
       Distracted        |       |       |       |     1 ||     1
Armor: Robe              |    88 |    19 |    64 |    48 ||   219
Dodge: Dodged            |    85 |    47 |   219 |   163 ||   514
Block: Kite shield       |    86 |    38 |    42 |       ||   166

Table legend: (Time is in decaauts)
 A = Elapsed time spent in this place.
 B = Non-inter-level travel time spent in this place.
 C = Inter-level travel time spent in this place.
 D = Time resting spent in this place.
 E = Time spent auto-exploring this place.
 F = Levels seen in this place.
 G = Mean time per level.
                   A        B        C        D        E       F      G
               +--------+--------+--------+--------+--------+-----+--------+
         Total |   9691 |   9121 |    570 |    883 |   6031 |  12 |  807.6 |
       Dungeon |   6966 |   6457 |    509 |    275 |   4515 |   8 |  870.8 |
        Temple |    743 |    699 |     44 |    441 |    240 |   1 |  743.0 |
          Lair |   1960 |   1944 |     16 |    167 |   1275 |   2 |  980.0 |
         Swamp |     20 |     20 |      0 |      0 |      0 |   1 |   20.0 |
               +--------+--------+--------+--------+--------+-----+--------+

Top non-repeatable levels by time:
  Lair:1: 1166 daAuts
     D:8: 1165 daAuts
     D:6: 1045 daAuts
     D:5: 1032 daAuts
     D:3: 1016 daAuts
     D:7: 928 daAuts
     D:4: 875 daAuts
  Lair:2: 794 daAuts
  Temple: 743 daAuts
     D:2: 676 daAuts
     D:1: 226 daAuts
 Swamp:1: 20 daAuts
